 Dungeon Crawl Stone Soup version 0.24-a0-7-g1bb0902 (webtiles) character file.

Game seed: 6826031469212522113

168 DekuTree the Covered (level 5, -3/41 HPs)
             Began as a Demonspawn Fighter on Jan 30, 2019.
             Was a Follower of Ashenzari.
             Slain by an ogre
             ... wielding a +0 giant club
              (10 damage)
             ... on level 4 of the Dungeon.
             The game lasted 00:02:36 (2758 turns).

DekuTree the Covered (Demonspawn Fighter)           Turns: 2758, Time: 00:02:37

Health: -3/41      AC:  6    Str: 18    XL:     5   Next: 23%
Magic:  5/5        EV:  7    Int:  9    God:    Ashenzari [*.....]
Gold:   168        SH:  9    Dex: 12    Spells: 4/4 levels left

rFire    . . .     SeeInvis .   a - +0 war axe
rCold    . . .     Gourm    .   c - +0 shield
rNeg     . . .     Faith    .   b - +0 scale mail
rPois    .         Spirit   .   (no helmet)
rElec    .         Reflect  .   (no cloak)
rCorr    .         Harm     .   (no gloves)
MR       .....                  (no boots)
Stlth    ..........             (no amulet)
HPRegen  0.13/turn              (no ring)
MPRegen  0.09/turn              (no ring)

@: no status effects
A: hooves 1, powered by death 1
a: Curse Item, Scrying, Renounce Religion


You were on level 4 of the Dungeon.
You worshipped Ashenzari.
Ashenzari was aware of your devotion.
You were not hungry.

You visited 1 branch of the dungeon, and saw 4 of its levels.

You collected 168 gold pieces.

Inventory:

Hand Weapons
 a - a +0 war axe (weapon)
Armour
 b - a +0 scale mail (worn)
 c - a +0 shield (worn)
Scrolls
 h - 8 scrolls of identify {unknown}
 i - a scroll of noise {unknown}
 j - a scroll of fog {unknown}
 l - 4 scrolls of remove curse
 m - 2 scrolls of enchant weapon {unknown}
 n - 3 scrolls of teleportation {unknown}
 p - a scroll of immolation {unknown}
Potions
 d - a potion of mutation {unknown}
 e - 3 potions of curing
 g - 4 potions of agility {unknown}
 k - a potion of brilliance {unknown}
Comestibles
 f - 5 rations
 o - 7 chunks of flesh


   Skills:
 - Level 3.0 Fighting
 + Level 3.6 Axes
 + Level 3.6 Armour
 + Level 3.6 Shields


You had 4 spell levels left.
You didn't know any spells.
Your spell library was empty.

Dungeon Overview and Level Annotations

Branches:
Dungeon (4/15)
 Temple: D:4-7

Altars:
Ashenzari
Elyvilon
Vehumet


Innate Abilities, Weirdness & Mutations

You have large cloven feet.
You regenerate a little health from kills.


Message History

Found a stone staircase leading up.
n - 3 scrolls labeled ZAOJIU ZOUFUIXYC (gained 1)
An ogre comes into view. It is wielding a +0 giant club.
The ogre shouts!
An ogre is nearby!
A jackal skeleton comes into view.
The ogre hits you with a +0 giant club!!
Ouch! That really hurt!
You see here a ration.
You are too injured to fight recklessly!
It was a potion of curing.
You feel better.
You barely miss the ogre. You block the ogre's attack.
You barely miss the ogre. You kick the ogre, but do no damage.
You slash the jackal skeleton!
You destroy the jackal skeleton!
The ogre hits you with a +0 giant club!!
Ouch! That really hurt!
* * * LOW HITPOINT WARNING * * *
You feel better. The ogre hits you with a +0 giant club!
You die...

#.# #.# #.# #.####
#.#.# #.# .....# #.#.#
#.# ...#.# .#.#.# #.#
.#.#.##.#.#.# #.#
###.....#.#.# #.#
.#....###.#.# #O#####
#...#..##.#.####@..?.#
##....<##........###.#
#.#.#...........#
##.#.######.####.#
...... ...# #...
.....## ##### #####
######


You could see an ogre.

Vanquished Creatures
  An orc wizard (D:4)
  A worker ant (D:4)
  4 adders
  2 worms
  2 dart slugs
  A leopard gecko (D:2)
  5 orcs (D:4)
  9 bats
  3 giant cockroaches
  6 goblins
  7 hobgoblins
  4 jackals (D:2)
  2 quokkas (D:3)
  4 frilled lizards
  A jackal skeleton (D:4)
  7 kobolds
  6 rats
65 creatures vanquished.

Notes
Turn   | Place    | Note
-------+----------+-------------------------------------------
     0 | D:1      | DekuTree the Demonspawn Fighter began the quest for the
                  | Orb.
     0 | D:1      | Reached XP level 1. HP: 18/18 MP: 1/1
   473 | D:1      | Gained mutation: You have large cloven feet. [demonic
                  | ancestry]
   473 | D:1      | Reached XP level 2. HP: 24/24 MP: 2/2
   875 | D:2      | Reached XP level 3. HP: 15/29 MP: 3/3
  1254 | D:2      | Found a faded altar of an unknown god.
  1328 | D:2      | Became a worshipper of Ashenzari the Shackled
  1328 | D:2      | Reached * piety under Ashenzari
  1406 | D:2      | Gained mutation: You regenerate a little health from kills.
                  | [demonic ancestry]
  1406 | D:2      | Reached XP level 4. HP: 30/35 MP: 4/4
  1407 | D:2      | Found a radiant altar of Vehumet.
  1562 | D:2      | Found a white marble altar of Elyvilon.
  2604 | D:4      | Reached XP level 5. HP: 28/41 MP: 5/5
  2753 | D:4      | Noticed an ogre
  2757 | D:4      | HP: 2/41 [ogre/+0 giant club (24)]
  2758 | D:4      | Slain by an ogre

Vault maps used:
D:1:      saegor_arrival_simple_e
D:2:      old_standard_altar, vehumet_crystals, chequers_ecumenical_altar_grove,
          roderic_serpentine_path
D:3:      kennysheep_boxes
D:4:      kennysheep_mini_moat

Skill      XL: |  1  2  3 |
---------------+----------+-----
Axes           | 2 3 |  3.6
Armour         | 3 |  3.6
Shields        | 3 |  3.6
Fighting       | |  3.0

Action                   |  1- 3 |  4- 6 || total
-------------------------+-------+-------++-------
Melee: War axe           |   118 |    75 ||   193
       Kick              |    15 |    17 ||    32
  Use: Potion            |     1 |     2 ||     3
  Eat: Chunk             |     1 |     5 ||     6
Armor: Scale mail        |    50 |    34 ||    84
Dodge: Dodged            |    46 |    12 ||    58
Block: Shield            |    62 |    32 ||    94

Table legend:
 A = Non-vault XP
 B = Vault XP
 C = Vault XP percentage of total XP
 D = Non-vault monster count
 E = Vault monster count
 F = Vault count percentage of total count
                 A         B        C        D         E       F
            +---------+---------+-------+---------+---------+-------
      Total |     240 |       0 |   0.0 |      65 |       0 |   0.0
            +---------+---------+-------+---------+---------+-------
        D:1 |      31 |       0 |   0.0 |      17 |       0 |   0.0
        D:2 |      94 |       0 |   0.0 |      33 |       0 |   0.0
        D:3 |       8 |       0 |   0.0 |       5 |       0 |   0.0
        D:4 |     107 |       0 |   0.0 |      10 |       0 |   0.0
            +---------+---------+-------+---------+---------+-------
